 Dungeon Crawl Stone Soup version 0.20-a0-463-g5747544 (webtiles) character file.

8907 Queen the Carver (level 11, -5/99 HPs)
             Began as a Pale Draconian Berserker on Jan 11, 2017.
             Was an Elder of Trog.
             Succumbed to a queen ant's poison
             ... on level 10 of the Dungeon.
             The game lasted 00:54:11 (8299 turns).

Queen the Carver (Pale Draconian Berserker)         Turns: 8299, Time: 00:54:12

Health: -5/99      AC: 10    Str: 19    XL:     11   Next: 16%
Magic:  11/11      EV: 15    Int:  9    God:    Trog [****..]
Gold:   254        SH:  0    Dex: 13    Spells: 10/10 levels left

rFire  . . .     SeeInvis .     f - +5 great sword (freeze)
rCold  + . .     Gourm    .     (armour unavailable)
rNeg   . . .     Faith    .     (shield currently unavailable)
rPois  .         Spirit   .     (helmet restricted)
rElec  .         Reflect  .     (no cloak)
rCorr  .         Harm     .     p - +0 pair of gloves
MR     ++...                    r - +1 pair of boots
Stlth  +.........               (no amulet)
                                v - ring of protection from cold
                                y - +2 ring of evasion

@: lethally poisoned (-5 -> -82), short of breath, regenerating
A: breathe steam, unfitting armour, cold-blooded, AC +7
a: Breathe Steam, Berserk, Trog's Hand, Brothers in Arms, Burn Spellbooks,
Renounce Religion


You were on level 10 of the Dungeon.
You worshipped Trog.
Trog was greatly pleased with you.
You were hungry.

You visited 2 branches of the dungeon, and saw 11 of its levels.

You collected 354 gold pieces.
You spent 100 gold pieces at shops.

Inventory:

Hand Weapons
 f - a +5 great sword of freezing (weapon)
 F - a +3 falchion
Missiles
 s - 10 tomahawks (quivered)
Armour
 p - a +0 pair of gloves (worn)
 r - a +1 pair of boots (worn)
Jewellery
 g - a cursed amulet of inaccuracy {unknown}
 q - an uncursed ring of flight
 v - a ring of protection from cold (right hand)
 y - a +2 ring of evasion (left hand)
Wands
 B - a wand of paralysis (24/24)
Scrolls
 k - 7 scrolls of teleportation
 l - a scroll of acquirement {unknown}
 m - a scroll of identify
 n - 2 scrolls of fear
 t - 3 scrolls of enchant armour
 w - a scroll of recharging
 x - a scroll of remove curse
 A - a scroll of fog
Potions
 c - a potion of haste
 d - 2 potions of invisibility
 e - 2 potions of lignification
 i - a potion of berserk rage
 j - 2 potions of cancellation
 C - a potion of heal wounds
Comestibles
 a - 5 chunks of flesh
 b - 10 bread rations
 h - 3 beef jerkies
 o - 6 meat rations
 u - 4 fruits
 z - 8 slices of pizza


   Skills:
 + Level 9.7 Fighting
 - Level 14.8 Long Blades
 - Level 2.6 Dodging


You had 10 spell levels left.
You didn't know any spells.

Dungeon Overview and Level Annotations

Branches:
Dungeon (10/15)            Temple (1/1) D:6            Lair (0/6) D:9
    Orc: D:9-12

Altars:
Ashenzari
Cheibriados
Dithmenos
Elyvilon
Fedhas
Gozag
Hepliaklqana
Kikubaaqudgha
Makhleb
Nemelex Xobeh
Okawaru
Qazlal
Ru
Sif Muna
Trog
Uskayaw
Vehumet
Xom
Yredelemnul
Zin
The Shining One

Shops:
D:6 %   D:9 [

Annotations:
D:10 Joseph


Innate Abilities, Weirdness & Mutations

You can breathe blasts of scalding, opaque steam.
Your pale cyan-grey scales are hard. (AC +7)
You cannot fit into any form of body armour.
You are cold-blooded and may be slowed by cold attacks.


Message History

You feel extremely sick.
You feel much better.
* * * LOW HITPOINT WARNING * * *
You feel extremely sick. The worker ant bites you.
* * * LOW HITPOINT WARNING * * *
* * * LOW HITPOINT WARNING * * *
You feel extremely sick.
You slash the worker ant! You freeze the worker ant.
You kill the worker ant!
Trog accepts your kill.
* * * LOW HITPOINT WARNING * * *
You feel extremely sick.
Press: ? - help, Shift-Dir - straight line, f - worker ant
Aim: a worker ant You exhale a blast of scalding steam.
The ball of steam hits the worker ant.
You kill the worker ant!
Trog accepts your kill.
You feel somewhat more hungry.
You die...

... ####..........#
... ...#.......<..#
#.# .............#
#.# .#...?......#
#..#.#..........#
#a#####.###..##
...aaa.#§###....##.#
...a#.##§##.....##..#
.. ## #@........##.#
#.............
#.##.......)...# ##
##.....#....
.......#### .......#
.......# .....##


There were no monsters in sight!

Vanquished Creatures
  A queen ant (D:10)
  4 two-headed ogres
  A troll (D:9)
  Grinder (D:5)
  2 hippogriffs (D:7)
  A human (D:7)
  A yak (D:7)
  Eustachio (D:5)
  3 hogs (D:7)
  A hungry ghost (D:8)
  A soldier ant (D:10)
  2 hell hounds (D:9)
  A phantom (D:9)
  2 ice beasts
  2 sky beasts
  An orc warrior (D:8)
  4 necrophages
  6 ogres
  2 centaurs (D:5)
  Blork the orc (D:5)
  A bullfrog (D:8)
  A water moccasin zombie (D:9)
  6 scorpions
  10 wights (D:8)
  6 crimson imps
  A howler monkey (D:8)
  A bullfrog zombie (D:8)
  A quasit (D:5)
  An orc priest (D:3)
  6 hounds
  2 jellies
  A centaur zombie (D:9)
  2 centaur skeletons
  4 orc wizards
  10 worker ants
  A hound skeleton (D:6)
  8 adders
  A shadow imp (D:6)
  2 adder skeletons
  6 worms
  4 dart slugs
  3 leopard geckos
  20 orcs
  2 ball pythons (D:5)
  6 bats
  7 giant cockroaches
  7 goblins
  6 hobgoblins
  9 jackals
  3 quokkas
  A ball python skeleton (D:5)
  5 frilled lizards
  10 kobolds
  A quokka skeleton (D:8)
  7 rats
200 creatures vanquished.

Notes
Turn   | Place    | Note
-------+----------+-------------------------------------------
     0 | D:1      | Queen the Draconian Berserker began the quest for the Orb.
     0 | D:1      | Reached XP level 1. HP: 19/19 MP: 1/1
   341 | D:1      | Reached XP level 2. HP: 26/26 MP: 2/2
  1107 | D:2      | Reached skill level 4 in Long Blades
  1411 | D:2      | Reached XP level 3. HP: 31/31 MP: 3/3
  1552 | D:2      | Reached ** piety under Trog
  1911 | D:3      | Reached XP level 4. HP: 38/38 MP: 4/4
  2000 | D:3      | Reached skill level 5 in Long Blades
  2221 | D:3      | Reached *** piety under Trog
  2447 | D:4      | Noticed an ogre
  2456 | D:4      | Killed an ogre
  2456 | D:4      | Reached skill level 6 in Long Blades
  2456 | D:4      | Reached XP level 5. HP: 45/45 MP: 5/5
  2590 | D:4      | Found a snail-covered altar of Cheibriados.
  2626 | D:4      | Reached XP level 6. HP: 51/51 MP: 6/6
  2684 | D:4      | Reached skill level 7 in Long Blades
  2907 | D:5      | Entered Level 5 of the Dungeon
  2916 | D:5      | Noticed Blork the orc
  2925 | D:5      | Killed Blork the orc
  2982 | D:5      | Reached skill level 8 in Long Blades
  2982 | D:5      | Your scales start taking on a pale cyan-grey colour.
  2982 | D:5      | Reached XP level 7. HP: 57/57 MP: 7/7
  3186 | D:5      | Noticed Eustachio
  3209 | D:5      | Noticed Grinder
  3209 | D:5      | Killed Eustachio
  3209 | D:5      | Reached skill level 9 in Long Blades
  3219 | D:5      | Killed Grinder
  3303 | D:5      | Reached XP level 8. HP: 61/63 MP: 8/8
  3309 | D:5      | Reached skill level 10 in Long Blades
  3864 | D:6      | Reached skill level 11 in Long Blades
  3985 | D:6      | Reached **** piety under Trog
  4091 | D:6      | Found a staircase to the Ecumenical Temple.
  4110 | Temple   | Entered the Ecumenical Temple
  4623 | D:6      | Reached XP level 9. HP: 67/70 MP: 9/9
  4709 | D:6      | Found Acrab's Food Emporium.
  4716 | D:6      | Bought a meat ration for 50 gold pieces
  4716 | D:6      | Bought a meat ration for 50 gold pieces
  4917 | D:7      | Reached skill level 12 in Long Blades
  5113 | D:7      | Reached skill level 13 in Long Blades
  6637 | D:8      | Reached skill level 14 in Long Blades
  6673 | D:8      | Reached XP level 10. HP: 57/77 MP: 10/10
  6901 | D:8      | Noticed a two-headed ogre
  6907 | D:8      | Killed a two-headed ogre
  7346 | D:8      | Noticed a two-headed ogre
  7365 | D:8      | Killed a two-headed ogre
  7365 | D:8      | Reached skill level 5 in Fighting
  7433 | D:9      | Found Tokooqots's Armour Emporium.
  7473 | D:9      | Found a staircase to the Lair.
  7906 | D:9      | Noticed a two-headed ogre
  7920 | D:9      | Killed a two-headed ogre
  7977 | D:9      | Noticed a two-headed ogre
  7999 | D:9      | Killed a two-headed ogre
  7999 | D:9      | Reached XP level 11. HP: 61/94 MP: 11/11
  8257 | D:10     | Entered Level 10 of the Dungeon
  8268 | D:10     | Noticed a queen ant
  8268 | D:10     | Noticed Joseph
  8293 | D:10     | Killed a queen ant
  8298 | D:10     | HP: 3/99 [poisoned by a queen ant]
  8299 | D:10     | Succumbed to a queen ant's poison

Vault maps used:
D:1:      sevenhm_arrival_forest_fort_small_4, minmay_statues_item,
          minmay_misc_feat_roman, minmay_tree_intersection,
          minmay_misc_feat_rows, roderic_lattice_a
D:2:      minmay_heptomino_l4
D:3:      first_bread, grunt_ministairs_6
D:4:      eino_tiny_chamber, kennysheep_slug_shrine
D:5:      st_stairs_10, uniq_blork_the_orc, uniq_eustachio, uniq_grinder
D:6:      serial_shops, shop
D:7:      grunt_livestock, kennysheep_cross_bottleneck
D:9:      minmay_lair_entry_lava, serial_shops, shop_fountains,
          minmay_crystal_room
D:10:     kennysheep_orc_monster_closet_entryway, serial_shops, shop, shop,
          shop, shop, shop, minmay_another_anthill, uniq_joseph
Temple:   nicolae_temple_the_god_donut

Skill      XL: |  1  2  3  4  5  6  7  8  9 10 11 |
---------------+----------------------------------+-----
Long Blades    | 4 6 8 9 11 14 | 14.8
Fighting       | 8 9 |  9.7
Dodging        | |  2.6

Action                   |  1- 3 |  4- 6 |  7- 9 | 10-12 || total
-------------------------+-------+-------+-------+-------++-------
Melee: Falchion          |   109 |   111 |       |     5 ||   225
       Tailslap          |    21 |    22 |    45 |     7 ||    95
       Scimitar          |       |     7 |   196 |       ||   203
       Long sword        |       |       |    49 |    29 ||    78
       Great sword       |       |       |       |    61 ||    61
Throw: Tomahawk          |       |       |     3 |       ||     3
Invok: Berserk           |     2 |     6 |     2 |     1 ||    11
       Trog's Hand       |       |       |     2 |     2 ||     4
 Abil: Breathe Steam     |       |       |    23 |    25 ||    48
  Use: Scroll            |       |     7 |     3 |     8 ||    18
       Potion            |       |     1 |       |     1 ||     2
 Stab: Sleeping          |       |       |     4 |       ||     4
  Eat: Chunk             |     5 |     8 |    17 |    10 ||    40
       Fruit             |       |       |     1 |     1 ||     2
Armor: Skin              |    39 |    50 |    61 |    23 ||   173
Dodge: Dodged            |    81 |    64 |   153 |    44 ||   342
       Rpst.: Falchion   |    26 |    22 |       |     1 ||    49
       Scimitar          |       |     2 |    27 |       ||    29
       Long sword        |       |       |    10 |     4 ||    14
       Great sword       |       |       |       |     6 ||     6
